 Dungeon Crawl Stone Soup version 0.29.1-15-g9cfb28693d (webtiles) character file.

Game seed: 4489046102140429157

82 Smoke131 the Firebug (level 4, -1/25 HPs)
             Began as a Deep Elf Fire Elementalist on Mar 1, 2023.
             Slain by Grinder (7 damage)
             ... on level 3 of the Dungeon.
             The game lasted 00:04:44 (2816 turns).

Smoke131 the Firebug (Deep Elf Fire Elementalist)   Turns: 2816, Time: 00:04:44

Health: -1/25      AC:  3    Str:  5    XL:     4   Next: 21%
Magic:  1/11       EV: 13    Int: 22    God:
Gold:   129        SH:  0    Dex: 15    Spells: 7/10 levels left

rFire   . . .      SeeInvis +   v - +8 trident of the Octopus King {venom, rElec rPois}
rCold   . . .      Faith    .   (no shield)
rNeg    . . .      Spirit   .   a - +0 robe
rPois   +          Reflect  .   (no helmet)
rElec   +          Harm     .   m - +0 cloak
rCorr   .          Rampage  .   (no gloves)
Will    .....                   (no boots)
Stlth   ++........              (no amulet)
HPRegen 0.08/turn               n - ring of see invisible
MPRegen 0.12/turn               (no ring)

@: no status effects
A: no striking features
a: no special abilities


You were on level 3 of the Dungeon.
You visited 1 branch of the dungeon, and saw 3 of its levels.

You collected 129 gold pieces.

Inventory:

Hand Weapons
 v - the +8 trident of the Octopus King (weapon) {venom, rElec rPois}
   (You found it on level 3 of the Dungeon)

   It poisons the flesh of those it strikes.
   rElec:     It insulates you from electricity.
   rPois:     It protects you from poison.
Armour
 a - a +0 robe (worn)
 m - a +0 cloak (worn)
Magical Staves
 g - a staff of fire
Jewellery
 n - a ring of see invisible (left hand)
Wands
 p - a wand of digging (5)
Scrolls
 c - a scroll of enchant weapon {unknown}
 d - 5 scrolls of identify {unknown}
 h - 2 scrolls of teleportation {unknown}
 l - a scroll of butterflies {unknown}
 s - a scroll of blinking {unknown}
Potions
 b - 2 potions of magic
 e - a potion of mutation {unknown}
 f - 2 potions of curing {unknown}
 i - a potion of resistance {unknown}
 j - a potion of invisibility {unknown}
 k - a potion of attraction {unknown}
 o - a potion of berserk rage {unknown}
 q - a potion of flight {unknown}
 r - a potion of lignification {unknown}
 t - a potion of heal wounds {unknown}
 u - a potion of degeneration {unknown}
 w - a potion of brilliance {unknown}


   Skills:
 + Level 1.1 Fighting
 + Level 3.2 Dodging
 - Level 2.4 Stealth
 + Level 3.8 Spellcasting
 + Level 2.1 Conjurations
 + Level 3.9 Fire Magic


You had 7 spell levels left.
You knew the following spells:

 Your Spells              Type           Power      Damage    Failure   Level
a - Foxfire               Conj/Fire      68%        2x1d7     3%          1
b - Scorch                Fire           42%        2d7       3%          2

Your spell library contained the following spells:

 Spells                   Type           Power      Damage    Failure   Level
 Conjure Flame            Conj/Fire      17%        6-21      10%         3
 Inner Flame              Hex/Fire       12%        N/A       16%         3
 Flame Wave               Conj/Fire      17%        2d7       32%         4


Dungeon Overview and Level Annotations

Branches:
Dungeon (3/15)

Altars:

Annotations:
D:3 2 runed translucent doors, Grinder; workbot's ghost, amateur MiBe


Message History

Grinder shouts!
Grinder is lightly wounded.
Grinder's fire resistance burns away.
You hear an angry hiss.
A frilled lizard comes into view.
Grinder says, "Are you a fish?" Grinder gestures at you.
Pain shoots through your body!
Casting: Scorch (safe; 3% risk of failure)
Confirm with . or Enter, or press ? or * to list all spells.
Flames lash Grinder.
Grinder is burned terribly!
Grinder is moderately wounded.
Casting: Scorch (safe; 3% risk of failure)
Confirm with . or Enter, or press ? or * to list all spells.
Flames lash Grinder.
Grinder is burned terribly!
Grinder is severely wounded.
Casting: Scorch (safe; 3% risk of failure)
Confirm with . or Enter, or press ? or * to list all spells.
Flames lash Grinder.
Grinder is burned terribly!
Grinder is severely wounded.
Grinder misses you.
Casting: Scorch (safe; 3% risk of failure)
Confirm with . or Enter, or press ? or * to list all spells.
Flames lash Grinder.
Grinder is almost dead.
Grinder closely misses you.
Casting: Scorch (safe; 3% risk of failure)
Confirm with . or Enter, or press ? or * to list all spells.
You don't have enough magic to cast this spell.
You barely miss Grinder.
Grinder is almost dead.
An endoplasm comes into view.
Grinder hits you.
You writhe in agony.
You barely miss Grinder.
Grinder is almost dead.
Grinder gestures at you. Pain shoots through your body!
* * * LOW HITPOINT WARNING * * *
Grinder hits you!
You die...

##........## .. .#
#..##...... .
.###..####.### #
.##..##...####.# # #.
..#.)##.#...##.#
#.#J##.#..##...#.##.#
#.........####.#.##.#
#...l5..# #......# #@#
####.###### ## #.#
#........##
##...##.######.#...##.#.
......................'.
##...#########.#...##.#.
##. #.##.###.## #
#........## ####.#####
#.#


You could see Grinder (combustible), an endoplasm (wandering) and a frilled
lizard.

Vanquished Creatures
  3 adders
  A worm (D:2)
  2 dart slugs
  5 orcs (D:3)
  5 endoplasms
  2 giant cockroaches
  3 goblins
  4 hobgoblins
  3 jackals (D:3)
  4 kobolds
  A quokka (D:3)
  3 ball pythons
  3 frilled lizards
39 creatures vanquished.

Vanquished Creatures (others)
  87 foxfires
87 creatures vanquished.

Grand Total: 126 creatures vanquished

Notes
Turn   | Place    | Note
-------+----------+-------------------------------------------
     0 | D:1      | Smoke131 the Deep Elf Fire Elementalist began the quest for
                  | the Orb.
     0 | D:1      | Reached XP level 1. HP: 10/10 MP: 6/6
   518 | D:1      | Reached XP level 2. HP: 16/16 MP: 5/8
   588 | D:1      | Learned a level 2 spell: Scorch
  1403 | D:2      | Reached XP level 3. HP: 20/20 MP: 4/9
  2007 | D:3      | Reached skill level 1 in Fighting
  2113 | D:3      | Found a large runed translucent door.
  2114 | D:3      | Found a large runed translucent door.
  2120 | D:3      | Noticed workbot's ghost (amateur MiBe)
  2302 | D:3      | Found the +8 trident of the Octopus King {venom, rElec
                  | rPois}
  2368 | D:3      | Reached XP level 4. HP: 15/25 MP: 11/11
  2809 | D:3      | Noticed Grinder
  2816 | D:3      | Slain by Grinder

Illustrated notes

Levels and vault maps discovered:
D:1:      eino_arrival_water_star, layout_basic
D:2:      layout_loops_cross
D:3:      layout_loops_corners, ebering_ghost_disaster_area, uniq_grinder

Skill      XL: |  1  2  3 |
---------------+----------+-----
Dodging        | 3 |  3.2
Fighting       | 1 |  1.1
Conjurations   | 2 |  2.1
Stealth        | |  2.4
Spellcasting   | |  3.8
Fire Magic     | |  3.9

Action                   |  1- 3 |  4- 6 || total
-------------------------+-------+-------++-------
Melee: Staff             |     9 |       ||     9
       Trident           |    13 |     2 ||    15
 Cast: Foxfire           |    53 |       ||    53
       Scorch            |    14 |    12 ||    26
 Stab: Sleeping          |     2 |       ||     2
Armor: Robe              |     8 |       ||     8
Dodge: Dodged            |    12 |     2 ||    14
